 Dungeon Crawl Stone Soup version 0.32-a0-40-g2adb59a (webtiles) character file.

Game seed: 11720975220928924501

936 Dorkslayer the Ruffian (level 8, -2/50 HPs)
             Began as an Octopode Shapeshifter on Jan 24, 2024.
             Slain by a black bear (6 damage)
             ... on level 5 of the Dungeon.
             The game lasted 00:11:17 (4151 turns).

Dorkslayer the Ruffian (Octopode Shapeshifter)      Turns: 4151, Time: 00:11:17

Health: -2/50      AC:  1    Str: 15    XL:     8   Next: 12%
Magic:  8/8        EV: 13    Int: 19    God:
Gold:   341        SH:  0    Dex: 11    Spells: 7/7 levels left

rFire   + . .        v - +1 war axe (freeze)
rCold   . . .        (no shield)
rNeg    . . .        (helmet currently unavailable)
rPois   .            (no amulet)
rElec   .            l - ring of protection from fire
rCorr   .            e - ring of see invisible
SInv    +            h - +6 ring of intelligence
Will    .....        (no ring)
Stlth   +++          (no ring)
HPRegen 0.28/turn    (no ring)
MPRegen 0.11/turn    (no ring)
                     (no ring)

%: no passive effects
@: beast-form, invisible
A: beast (slay +2), almost no armour, amphibious, 8 rings, camouflage 1,
gelatinous body 1, (nimble swimmer 1), tentacles
a: Begin Untransformation


You were on level 5 of the Dungeon.
You were a hulking beast.
You visited 1 branch of the dungeon, and saw 5 of its levels.
You also visited: Ossuary.

You collected 503 gold pieces.
You spent 162 gold pieces at shops.

Inventory:

Hand Weapons
 v - a +1 war axe of freezing (weapon)
Missiles
 k - 2 javelins
 q - 12 boomerangs (quivered)
Jewellery
 e - a ring of see invisible (right tentacle)
 h - a +6 ring of intelligence (on tentacle)
 l - a ring of protection from fire (left tentacle)
Talismans
 b - a beast talisman
 c - a flux talisman
Scrolls
 m - 2 scrolls of teleportation
 p - a scroll of revelation
 t - a scroll of brand weapon
 u - a scroll of fog
Potions
 a - a potion of haste {unknown}
 d - 2 potions of curing
 g - a potion of enlightenment {unknown}
 i - a potion of ambrosia {unknown}
 j - 2 potions of brilliance
 o - a potion of heal wounds {unknown}
 x - 2 potions of resistance {unknown}
 z - a potion of attraction {unknown}
 A - a potion of mutation {unknown}


   Skills:
 + Level 2.1 Fighting
 * Level 3.8 Axes
 + Level 1.0 Throwing
 + Level 2.7 Dodging
 + Level 3.6 Stealth
 * Level 6.8 Unarmed Combat
 + Level 4.0 Shapeshifting


You had 7 spell levels left.
You didn't know any spells.
Your spell library contained the following spells:

 Spells                   Type           Power      Damage    Failure   Level
 Kiss of Death            Conj/Necr      0%         2d5       21%         1
 Sandblast                Erth           0%         2d4       21%         1
 Mercury Vapours          Alch/Air       0%         N/A       30%         2
 Confusing Touch          Hex            0%         N/A       52%         3
 Dazzling Flash           Conj/Hex       0%         N/A       52%         3
 Fugue of the Fallen      Necr           0%         N/A       52%         3
 Mephitic Cloud           Conj/Alch/Air  0%         N/A       52%         3
 Ozocubu's Armour         Ice            0%         N/A       52%         3
 Passwall                 Erth           0%         N/A       52%         3
 Stone Arrow              Conj/Erth      0%         3d7       52%         3
 Brom's Barrelling Bould  Conj/Erth      0%         2d3       90%         4
 Dispel Undead            Necr           0%         3d6       90%         4
 Manifold Assault         Tloc           0%         N/A       90%         4
 Curse of Agony           Necr           0%         N/A       99%         5
 Freezing Cloud           Conj/Ice/Air   0%         6-21      99%         5
 Silence                  Hex/Air        0%         N/A       99%         5


Dungeon Overview and Level Annotations

Branches:
Dungeon (5/15)            Ossuary (visited)
 Temple: D:4-7

Altars:
Gozag
Sif Muna
Trog
Uskayaw
Vehumet
Xom
Yredelemnul

Shops:
D:3 [=?!(


Innate Abilities, Weirdness & Mutations

You are a hulking beast.
Your limbs bulge with bestial killing power. (Slay +2)
You cannot wear most types of armour.
You are amphibious.
You can wear up to eight rings at the same time.
Your skin changes colour to match your surroundings (Stealth+).
Your rubbery body absorbs attacks. (AC +1, EV +1)
((You are camouflaged when in or above water. (Stealth+)))
You have tentacles for arms and can constrict up to eight enemies at once.


Message History

The gnoll is lightly wounded.
You catch the helpless black bear completely off-guard!
You hit the black bear. You freeze the black bear.
You constrict the gnoll, but do no damage.
The gnoll closely misses you. The black bear misses you.
The black bear barely misses you. The black bear misses you.
The gnoll closely misses you.
You hit the gnoll. You freeze the gnoll.
The gnoll is almost dead.
You catch the helpless black bear completely off-guard!
You slash the black bear! You freeze the black bear.
You catch the helpless gnoll completely off-guard!
You hit the gnoll. You freeze the gnoll.
You constrict the gnoll, but do no damage.
The gnoll misses you. The black bear bites you. The black bear claws you. x2
The gnoll hits you with a +0 whip.
You hit the gnoll. You freeze the gnoll.
You kill the gnoll!
You hit the black bear. You freeze the black bear. You hit the gnoll.
You freeze the gnoll.
Your attacks no longer feel as feeble.
The gnoll hits you with a +0 whip.
The black bear goes berserk!
The gnoll misses you. The gnoll hits you with a +0 whip!
* * * LOW HITPOINT WARNING * * *
You feel better. The black bear barely misses you. The black bear claws you. x2
The black bear bites you. The black bear completely misses you.
The black bear barely misses you.
You closely miss the black bear. You grab the black bear.
The black bear is almost dead.
You constrict the black bear, but do no damage.
The black bear barely misses you. The black bear closely misses you.
The black bear misses you. x2; The black bear claws you.
* * * LOW HITPOINT WARNING * * *
The black bear completely misses you.
You hit the black bear but do no damage.
The black bear is almost dead.
You constrict the black bear. The black bear bites you!
* * * LOW HITPOINT WARNING * * *
The black bear barely misses you. The black bear claws you.
You die...

##.#....###..........
#..#.#### ##........
####.##### .....
#.#... .#.## #.#.####
#......# ###.##.#
#####.##.##...
#....h........
######h#.##...
#...g..# #.##g### #
#.# ..# ..# #.# #.#


You could see a black bear (berserk, unable to see you) and 2 gnolls.

Vanquished Creatures
  A water moccasin (D:5)
  An ogre (D:4)
  An elf zombie (Ossuary)
  2 scorpions (D:4)
  2 burial acolytes (Ossuary)
  A bombardier beetle (D:5)
  A human zombie (Ossuary)
  A gnoll bouda (D:5)
  Terence (D:2)
  2 sleepcaps (D:5)
  Natasha (thrice) (D:2)
  An orc wizard (D:3)
  2 hound zombies (Ossuary)
  2 mummies (Ossuary)
  A gnoll (D:5)
  2 adders (D:4)
  A white imp (D:5)
  2 ufetubi (D:5)
  An adder zombie (Ossuary)
  2 dart slugs
  2 ribbon worms
  5 orcs
  4 bats (D:1)
  5 endoplasms
  6 giant cockroaches
  15 goblins
  8 hobgoblins
  4 quokkas
  6 ball pythons
  6 frilled lizards
  6 kobolds
  4 rats
  A butterfly (D:4)
102 creatures vanquished.

Vanquished Creatures (others)
  An arcanist (D:5)
1 creature vanquished.

Grand Total: 103 creatures vanquished

Notes
Turn   | Place    | Note
-------+----------+-------------------------------------------
     0 | D:1      | Dorkslayer the Octopode Shapeshifter began the quest for
                  | the Orb.
     0 | D:1      | Reached XP level 1. HP: 13/13 MP: 1/1
    81 | D:1      | Reached XP level 2. HP: 18/18 MP: 2/2
   548 | D:1      | Reached XP level 3. HP: 23/23 MP: 3/3
   839 | D:2      | Noticed Natasha
   849 | D:2      | Killed Natasha
   850 | D:2      | Reached skill level 4 in Unarmed Combat
   862 | D:2      | Noticed Natasha
   891 | D:2      | Reached skill level 1 in Stealth
   905 | D:2      | Reached XP level 4. HP: 19/28 MP: 4/4
   995 | D:2      | Killed Natasha
  1044 | D:2      | Noticed Terence
  1055 | D:2      | Killed Terence
  1056 | D:2      | Reached XP level 5. HP: 29/33 MP: 5/5
  1341 | D:2      | Noticed Natasha
  1349 | D:2      | Killed Natasha
  1519 | D:3      | Found a faded altar of an unknown god.
  1559 | D:3      | Found Duw Zol's Jewellery Emporium.
  1608 | D:3      | Reached skill level 5 in Unarmed Combat
  1871 | D:3      | Found a hide-covered altar of Uskayaw.
  1894 | D:3      | Found Jisch's Magic Scroll Shoppe.
  1905 | D:3      | Bought a scroll of brand weapon for 114 gold pieces
  1905 | D:3      | Bought a scroll of fog for 48 gold pieces
  1936 | D:3      | Found Enidu's Armour Shop.
  2103 | D:3      | Found Funim's Distillery.
  2192 | D:3      | Found Amorior's Weapon Shop.
  2512 | D:4      | Reached XP level 6. HP: 35/38 MP: 6/6
  2545 | D:4      | Reached skill level 6 in Unarmed Combat
  2581 | D:4      | Found a sand-covered staircase.
  2585 | Ossuary  | Entered an ossuary
  2585 | Ossuary  | Found a huge runed translucent gate.
  2585 | Ossuary  | Found a huge runed translucent gate.
  2585 | Ossuary  | Found a huge runed translucent gate.
  2585 | Ossuary  | Found a huge runed translucent gate.
  2585 | Ossuary  | Found a huge runed translucent gate.
  2585 | Ossuary  | Found a huge runed translucent gate.
  2585 | Ossuary  | Found a huge runed translucent gate.
  2585 | Ossuary  | Found a huge runed translucent gate.
  2585 | Ossuary  | Found a huge runed translucent gate.
  2661 | Ossuary  | Found a huge runed translucent gate.
  2661 | Ossuary  | Found a huge runed translucent gate.
  2662 | Ossuary  | Found a huge runed translucent gate.
  2662 | Ossuary  | Found a huge runed translucent gate.
  2664 | Ossuary  | Found a huge runed translucent gate.
  2664 | Ossuary  | Found a huge runed translucent gate.
  2680 | Ossuary  | Reached XP level 7. HP: 25/43 MP: 7/7
  2789 | Ossuary  | Found a huge runed translucent gate.
  2789 | Ossuary  | Found a huge runed translucent gate.
  2789 | Ossuary  | Found a huge runed translucent gate.
  2789 | Ossuary  | Found a huge runed translucent gate.
  2789 | Ossuary  | Found a huge runed translucent gate.
  2790 | Ossuary  | Found a huge runed translucent gate.
  2790 | Ossuary  | Found a huge runed translucent gate.
  2792 | Ossuary  | Found a huge runed translucent gate.
  2792 | Ossuary  | Found a huge runed translucent gate.
  2793 | Ossuary  | Found a huge runed translucent gate.
  2793 | Ossuary  | Found a huge runed translucent gate.
  2794 | Ossuary  | Found a huge runed translucent gate.
  2794 | Ossuary  | Found a huge runed translucent gate.
  2806 | Ossuary  | Found a huge runed translucent gate.
  2806 | Ossuary  | Found a huge runed translucent gate.
  2807 | Ossuary  | Found a huge runed translucent gate.
  2807 | Ossuary  | Found a huge runed translucent gate.
  2807 | Ossuary  | Found a huge runed translucent gate.
  2807 | Ossuary  | Found a huge runed translucent gate.
  2807 | Ossuary  | Found a huge runed translucent gate.
  2822 | Ossuary  | Reached skill level 1 in Axes
  2943 | D:4      | Found a shimmering altar of Xom.
  3044 | D:4      | Found an opulent altar of Gozag.
  3262 | D:4      | Found a shimmering blue altar of Sif Muna.
  3264 | D:4      | Found a radiant altar of Vehumet.
  3264 | D:4      | Found a basalt altar of Yredelemnul.
  3300 | D:4      | Identified the +0 pair of boots "Zolyuh" {Dex+9}
  3476 | D:5      | Entered Level 5 of the Dungeon
  3486 | D:5      | Found a bloodstained altar of Trog.
  3495 | D:5      | Noticed a wizard
  3501 | D:5      | Killed a wizard
  3956 | D:5      | Reached skill level 1 in Throwing
  3956 | D:5      | Reached XP level 8. HP: 16/50 MP: 8/8
  4151 | D:5      | Slain by a black bear

Illustrated notes

Levels and vault maps discovered:
D:1:      dpeg_arrival_tiny_a, layout_basic
D:2:      kennysheep_the_goblin_king, layout_rooms, minmay_misc_feat_rows,
          minmay_split_cup_large, uniq_terence, uniq_natasha
D:3:      layout_loops_corners, nicolae_uskayaw_dance_hall, serial_aquarium,
          aquarium_bridge_square [aquarium_subvault_bridge,
          aquarium_subvault_bridge, aquarium_subvault_window,
          aquarium_subvault_window], aquarium_window_fake, aquarium_window_fake,
          aquarium_view_2c, aquarium_balcony_1a, serial_shops, shop, shop, shop,
          nicolae_shop_peninsula, shop, shapermc_ecumenical_altar_ellora,
          chequers_serial_rivers_small_3, dreamdust_mushroom_princess,
          minmay_misc_feat_room
D:4:      layout_loops_ring, nicolae_overflow_crystal_walls, xom_butterflies,
          gammafunk_temple_overflow_forgotten, nicolae_ossuary_entry_plus,
          minmay_checkerbox
D:5:      kennysheep_steamy, layout_loops_cross, trog_wizard

Skill      XL: |  1  2  3  4  5  6  7  8 |
---------------+-------------------------+-----
Unarmed Combat | 4 5 6 |  6.8
Stealth        | 1 2 3 |  3.6
Axes           | 3 |  3.8
Shapeshifting  | 4 |  4.0
Throwing       | 1 |  1.0
Fighting       | 2 |  2.1
Dodging        | |  2.7

Action                     |  1- 3 |  4- 6 |  7- 9 || total
---------------------------+-------+-------+-------++-------
  Melee: Unarmed           |    57 |   105 |       ||   162
         Constrict         |    10 |    32 |    25 ||    67
         Tentacles         |     9 |    23 |    20 ||    52
         Punch             |     2 |     5 |     6 ||    13
         War axe           |       |     2 |    73 ||    75
  Throw: Boomerang         |       |     7 |     2 ||     9
         Javelin           |       |     2 |       ||     2
    Use: Scroll            |       |     2 |    10 ||    12
         Potion            |       |     1 |     3 ||     4
   Stab: Sleeping          |     4 |     3 |     3 ||    10
         Invisible         |       |       |     4 ||     4
 Armour: Skin              |    16 |    31 |    59 ||   106
  Dodge: Dodged            |    36 |    49 |    66 ||   151

Table legend: (Time is in decaauts)
 A = Elapsed time spent in this place.
 B = Non-inter-level travel time spent in this place.
 C = Inter-level travel time spent in this place.
 D = Time resting spent in this place.
 E = Time spent auto-exploring this place.
 F = Levels seen in this place.
 G = Mean time per level.
                   A        B        C        D        E       F      G
               +--------+--------+--------+--------+--------+-----+--------+
         Total |   4168 |   4168 |      0 |      0 |   2185 |   6 |  694.7 |
       Dungeon |   3808 |   3808 |      0 |      0 |   1971 |   5 |  761.6 |
       Ossuary |    359 |    359 |      0 |      0 |    214 |   1 |  359.0 |
               +--------+--------+--------+--------+--------+-----+--------+

Top non-repeatable levels by time:
     D:3: 972 daAuts
     D:1: 828 daAuts
     D:5: 684 daAuts
     D:2: 668 daAuts
     D:4: 655 daAuts
 Ossuary: 359 daAuts
